 Dungeon Crawl Stone Soup version 0.20.0-8-g6b59dc7 (webtiles) character file.

788 MDvedh the Cudgeler (level 7, -1/42 HPs)
             Began as a Gargoyle Summoner on June 1, 2017.
             Killed from afar by Dowan (5 damage)
             ... with a shard of ice
             ... on level 5 of the Dungeon.
             The game lasted 00:10:15 (4640 turns).

MDvedh the Cudgeler (Gargoyle Summoner)             Turns: 4640, Time: 00:10:16

Health: -1/42      AC: 17    Str: 13      XL:     7   Next: 87%
Magic:  10/10      EV:  4    Int: 16      God:
Gold:   146        SH:  8    Dex:  6 (10) Spells: 10/10 levels left

rFire    . . .     SeeInvis .   k - +0 whip (drain)
rCold    . . .     Gourm    .   n - +0 shield
rNeg     + . .     Faith    .   o - +0 chain mail
rPois    ∞         Spirit   .   (no helmet)
rElec    +         Reflect  .   w - +0 cloak
rCorr    +         Harm     .   p - +1 pair of gloves
MR       .....                  (no boots)
Stlth    ..........             (no amulet)
Regen    0.2/turn               j - ring of resist corrosion
MPRegen  0.2/turn               C - ring of loudness (curse)

@: no status effects
A: negative energy resistance 1, electricity resistance, unbreathing,
petrification resistance, rot immunity, AC +4
a: no special abilities


You were on level 5 of the Dungeon.
You were not hungry.

You visited 1 branch of the dungeon, and saw 5 of its levels.

You collected 146 gold pieces.

Inventory:

Hand Weapons
 k - a +0 whip of draining (weapon)
 z - a +0 morningstar
Armour
 n - a +0 shield (worn)
 o - a +0 chain mail (worn)
 p - a +1 pair of gloves (worn)
 q - a cursed +0 helmet
 w - a +0 cloak (worn)
Jewellery
 g - an uncursed amulet of the gourmand {unknown}
 j - a ring of resist corrosion (left hand)
 C - a cursed ring of loudness (right hand)
Scrolls
 a - 2 scrolls of remove curse
 f - a scroll of blinking
 l - 4 scrolls of teleportation
 s - a scroll of fog
 y - a scroll of fear
Potions
 d - a potion of lignification
 e - a potion of curing
 m - a potion of agility
 r - a potion of flight {unknown}
 t - a potion of haste
 x - a potion of magic {unknown}
 A - a potion of ambrosia {unknown}
 B - 2 potions of brilliance
 F - a potion of might {unknown}
Books
 b - a book of Callings

   Spells                             Type                      Level
   a - Summon Small Mammal            Summoning                    1
   b - Call Imp                       Summoning                    2
   c - Call Canine Familiar           Summoning                    3
   d - Summon Guardian Golem          Hexes/Summoning              3
   e - Summon Lightning Spire         Summoning/Air                4
   f - Summon Ice Beast               Ice/Summoning                4
Comestibles
 c - 4 bread rations
 h - 2 meat rations
 i - 3 royal jellies
 D - 4 fruits


   Skills:
 + Level 3.9 Fighting
 * Level 5.2 Maces & Flails
 + Level 3.7 Armour
 - Level 1.5 Dodging
 - Level 2.1 Stealth
 + Level 3.8 Shields
 - Level 2.0 Spellcasting
   Level 3.6 Summonings


You had 10 spell levels left.
You didn't know any spells.

Dungeon Overview and Level Annotations

Branches:
Dungeon (5/15)             Temple (0/1) D:5

Altars:
Makhleb

Annotations:
D:5 Dowan, Eustachio, Menkaure


Innate Abilities, Weirdness & Mutations

You are resistant to torment.
Your stone body is resilient. (AC +4)
You are immune to poison.
You resist negative energy. (rN+)
You are resistant to electric shocks. (rElec)
You can survive without breathing.
You are immune to petrification.
You are immune to rotting.


Message History

Dowan casts a spell.
Dowan blinks!
Eustachio hits you but does no damage.
You closely miss Eustachio.
Eustachio is heavily wounded.
Eustachio hits you but does no damage.
You miss Eustachio.
Eustachio is heavily wounded.
You block Eustachio's attack.
You hit Eustachio.
Eustachio is severely wounded.
Dowan casts a spell at you. The shard of ice hits you!
Ouch! That really hurt!
* * * LOW HITPOINT WARNING * * *
You barely miss Eustachio.
Eustachio is severely wounded.
Dowan gestures at you while chanting. The shard of ice hits you!
You die...

#..>.............#######§###
#.##########.###.##....§§§.#
#.#........#># #.##........#
#.#<####.#.#.# #.##........#
#.#.#...<..#.# #.##........#
#.#.#.######.# #.#######'###
#.#..........# #.........#
#.###....###################
#...'.....@@.)..e..§........
#####....###################
#...........# #...........#
####.....<..# #........#
#........# #........#
########.#


You could see Eustachio and Dowan.

Vanquished Creatures
  Duvessa (D:5)
  2 ogres
  A scorpion (D:5)
  A howler monkey (D:4)
  A crimson imp (D:5)
  A centaur zombie (D:5)
  A hound (D:5)
  An orc priest (D:3)
  2 orc wizards
  3 iguanas
  A worker ant (D:4)
  3 adders
  2 oozes
  An adder skeleton (D:5)
  An adder zombie (D:5)
  A worm (D:2)
  4 leopard geckos
  12 orcs
  6 bats
  6 giant cockroaches
  9 goblins
  8 hobgoblins
  7 jackals
  2 quokkas (D:3)
  A ball python (D:5)
  3 frilled lizards
  A giant cockroach zombie (D:5)
  A jackal skeleton (D:5)
  9 kobolds
  A leopard gecko zombie (D:5)
  7 rats
100 creatures vanquished.

Vanquished Creatures (collateral kills)
  A rat (D:1)
1 creature vanquished.

Grand Total: 101 creatures vanquished

Notes
Turn   | Place    | Note
-------+----------+-------------------------------------------
     0 | D:1      | MDvedh the Gargoyle Summoner began the quest for the Orb.
     0 | D:1      | Reached XP level 1. HP: 10/10 MP: 3/3
   342 | D:1      | Reached XP level 2. HP: 16/16 MP: 5/5
   528 | D:1      | Reached skill level 1 in Maces & Flails
   645 | D:1      | Reached skill level 1 in Fighting
   992 | D:2      | Reached XP level 3. HP: 20/20 MP: 6/6
  1203 | D:2      | Reached skill level 1 in Armour
  1497 | D:2      | Reached skill level 2 in Maces & Flails
  1616 | D:3      | Reached skill level 1 in Shields
  1616 | D:3      | Reached XP level 4. HP: 13/26 MP: 7/7
  2128 | D:3      | Reached skill level 3 in Maces & Flails
  2128 | D:3      | Reached XP level 5. HP: 25/31 MP: 8/8
  2798 | D:4      | Noticed a two-headed ogre
  2963 | D:4      | Reached XP level 6. HP: 36/36 MP: 9/9
  3188 | D:5      | Entered Level 5 of the Dungeon
  3261 | D:4      | Reached skill level 4 in Maces & Flails
  3562 | D:5      | Found a staircase to the Ecumenical Temple.
  3671 | D:5      | Reached XP level 7. HP: 41/41 MP: 10/10
  4030 | D:5      | Found a burning altar of Makhleb.
  4030 | D:5      | Noticed Dowan
  4035 | D:5      | Noticed Menkaure
  4484 | D:5      | Noticed Duvessa
  4508 | D:5      | Reached skill level 5 in Maces & Flails
  4527 | D:5      | Noticed Eustachio
  4534 | D:5      | Killed Duvessa
  4640 | D:5      | Killed from afar by Dowan

Skill      XL: |  1  2  3  4  5  6  7 |
---------------+----------------------+-----
Maces & Flails | 1 2 3 4 5 |  5.2
Fighting       | 1 2 3 |  3.9
Armour         | 1 2 3 |  3.7
Shields        | 1 2 3 |  3.8
Dodging        | |  1.5
Stealth        | |  2.1
Spellcasting   | |  2.0
Summonings     | |  3.6

Action                   |  1- 3 |  4- 6 |  7- 9 || total
-------------------------+-------+-------+-------++-------
Melee: Whip              |   152 |   311 |   223 ||   686
       Unarmed           |     8 |       |       ||     8
       Morningstar       |       |    72 |       ||    72
 Cast: Summon Small Mamm |     2 |       |       ||     2
  Use: Scroll            |       |       |    13 ||    13
       Potion            |       |       |     5 ||     5
  Eat: Chunk             |     2 |     7 |       ||     9
       Bread ration      |       |       |     1 ||     1
Armor: Ring mail         |    12 |       |       ||    12
       Robe              |     4 |       |       ||     4
       Chain mail        |   112 |   280 |   160 ||   552
       Skin              |       |       |    29 ||    29
Dodge: Dodged            |    35 |    57 |    63 ||   155
Block: Shield            |    56 |   149 |   121 ||   326
